 Dungeon Crawl Stone Soup version 0.28.0-45-g0d030f2227 (webtiles) character file.

Game seed: 9294619308376943486

6 MalarOregon the Grasshopper (level 1, 0/17 HPs)
             Began as a Palentonga Warper on Apr 20, 2022.
             Slain by a gnoll
             ... wielding a +0 whip
              (6 damage)
             ... on level 1 of the Dungeon.
             The game lasted 00:01:17 (292 turns).

MalarOregon the Grasshopper (Palentonga Warper)      Turns: 292, Time: 00:01:17

Health: 0/17       AC:  5    Str: 14    XL:     1   Next: 75%
Magic:  3/3        EV:  9    Int: 19    God:
Gold:   12         SH:  0    Dex:  9    Spells: 4/4 levels left

rFire   . . .      SeeInvis +   a - +0 mace
rCold   . . .      Faith    .   (no shield)
rNeg    . . .      Spirit   .   b - +0 leather armour
rPois   .          Reflect  .   m - +0 helmet
rElec   .          Harm     .   (no cloak)
rCorr   .          Rampage  .   (no gloves)
Will    .....                   (no barding)
Stlth   +.........              (no amulet)
HPRegen 0.05/turn               h - +6 ring of intelligence
MPRegen 0.08/turn               (no ring)

@: no status effects
A: large, rugged brown scales 3, see invisible, deformed body, roll 1, armoured
tail
a: Rolling Charge


You were on level 1 of the Dungeon.
You visited 1 branch of the dungeon, and saw 1 of its levels.

You collected 12 gold pieces.


Innate Abilities, Weirdness & Mutations

You are completely covered in rugged brown scales. (AC +3, +7% HP)
You have supernaturally acute eyesight. (SInv)
Armour fits poorly on your strangely shaped body.
You can roll at nearby foes to attack.
You have a long armoured tail.


   Skills:
 + Level 2.0 Fighting
 + Level 2.0 Maces & Flails
 + Level 0.7 Throwing
 + Level 0.9 Armour
 + Level 1.6 Dodging
 + Level 2.0 Spellcasting
 + Level 3.1 Translocations


You had 4 spell levels left.
You didn't know any spells.
Your spell library contained the following spells:

 Spells                   Type           Power      Damage    Failure   Level
 Blink                    Tloc           26%        N/A       9%          2
 Gell's Gravitas          Tloc           13%        N/A       17%         3
 Lesser Beckoning         Tloc           13%        N/A       17%         3
 Teleport Other           Tloc           13%        N/A       17%         3
 Manifold Assault         Tloc           13%        N/A       85%         5

Inventory:

Hand Weapons
 a - a +0 mace (weapon)
Missiles
 d - 5 boomerangs of dispersal (quivered) {!f}
 f - 2 stones
Armour
 b - a +0 leather armour (worn)
 m - a +0 helmet (worn)
   (You found it on level 1 of the Dungeon)
Jewellery
 h - a +6 ring of intelligence (left hand)
   (You found it on level 1 of the Dungeon)
Scrolls
 c - a scroll of blinking
 e - a scroll of fog {unknown}
 g - a scroll of noise {unknown}
 i - a scroll of teleportation {unknown}
 l - a scroll of vulnerability {unknown}
Potions
 j - a potion of curing {unknown}

Dungeon Overview and Level Annotations

Branches:
Dungeon (1/15)

Altars:

#.# ####.########
...(.(......###
.###.######.#.##
######## #.# #....##
#......# .....#
#.....# #.####.#
.....# #....##
##.####.## ......
#....g#####........#
......
###.#.@°°°.>....#..#
$.....#
#.#######..##.#..#
.....## #+#
#..#.....# #...##
#..#.#...#
#........#
#.#.#.##.#
###.....##.#
+..........#
####....####


You could see a gnoll.


Message History

f - a poisoned dart
f - 2 poisoned darts (gained 1)
You now have 12 gold pieces.
Found a scroll labelled KUBLAWKIRE.
i - a scroll labelled KUBLAWKIRE
Found a fizzy red potion.
j - a fizzy red potion A hobgoblin comes into view.
The hobgoblin shouts!
Throw: 2 darts (poison)
Press: ? - help, Q - select action, (/) - cycle Shift-Dir - straight line, f - hobgoblin
Aim: a hobgoblin (54% to hit)
You throw a poisoned dart.
The poisoned dart barely misses the hobgoblin.
Throw: dart (poison)
Press: ? - help, Q - select action, (/) - cycle Shift-Dir - straight line, f/p - hobgoblin
Aim: a hobgoblin (54% to hit)
You throw a poisoned dart. The poisoned dart hits the hobgoblin.
The hobgoblin is poisoned.
A bat comes into view.
There's nothing you can charge at!
You hit the bat.
You kill the bat!
Roll where?
Press: ? - help, Dir - move target, f/p - hobgoblin
Aim: a hobgoblin (lightly wounded, poisoned)
You roll forward with a clatter of scales!
You barely miss the hobgoblin. You tail-slap the hobgoblin.
You hear a shout!
The hobgoblin closely misses you.
A kobold comes into view. It is wielding a +0 dagger.
The hobgoblin barely misses you.
You hit the hobgoblin.
You kill the hobgoblin!
There's nothing you can charge at!
The kobold throws a stone.
The stone hits you but does no damage.
Roll where?
Press: ? - help, Dir - move target, f - kobold
Aim: a kobold, wielding a +0 dagger and quivering stones You roll forward with a clatter of scales!
You closely miss the kobold. The kobold closely misses you.
The kobold barely misses you.
You hit the kobold.
You kill the kobold!
No target in view!
Things that are here:
a +0 dagger; 2 stones; a kobold corpse
Found a scroll labelled JESAF ESOXKEI.
Found a helmet.
Search for what [Enter for "."]? .
Things that are here:
a +0 dagger; 2 stones; a kobold corpse
f - 2 stones
k - a poisoned dart
Found a stone staircase leading down.
k - 2 poisoned darts (gained 1)
l - a scroll labelled JESAF ESOXKEI
m - a +0 helmet You start putting on your armour.
You continue putting on your +0 helmet. x4
You finish putting on your +0 helmet.
A giant cockroach comes into view.
The giant cockroach moves out of view.
The giant cockroach bites you but does no damage.
You completely miss the giant cockroach.
The giant cockroach waves its antennae.
The giant cockroach bites you but does no damage.
The giant cockroach bites you.
You hit the giant cockroach but do no damage.
You tail-slap the giant cockroach.
The giant cockroach bites you but does no damage.
You closely miss the giant cockroach. The giant cockroach closely misses you.
The giant cockroach barely misses you.
You hit the giant cockroach.
The giant cockroach bites you but does no damage.
You hit the giant cockroach.
You kill the giant cockroach!
No target in view!
Found 16 gold pieces.
A gnoll comes into view. It is wielding a +0 whip.
Throw: 2 darts (poison)
Press: ? - help, Q - select action, (/) - cycle Shift-Dir - straight line, f - gnoll
Aim: a gnoll, wielding a +0 whip (58% to hit)
You throw a poisoned dart. The poisoned dart hits the gnoll.
The gnoll is poisoned.
Throw: dart (poison)
Press: ? - help, Q - select action, (/) - cycle Shift-Dir - straight line, f/p - gnoll
Aim: a gnoll, wielding a +0 whip (poisoned, 58% to hit)
You throw a poisoned dart.
The poisoned dart closely misses the gnoll.
The gnoll looks more healthy.
Roll where?
Press: ? - help, Dir - move target, f/p - gnoll
Aim: a gnoll, wielding a +0 whip (severely wounded)
You roll forward with a clatter of scales!
You closely miss the gnoll. You punch the gnoll, but do no damage.
The gnoll hits you with a +0 whip!
You hit the gnoll. The gnoll hits you with a +0 whip.
* * * LOW HITPOINT WARNING * * *
You barely miss the gnoll. The gnoll hits you with a +0 whip.
You die...

Action                   || total
-------------------------++-------
Melee: Mace              ||    16
       Tailslap          ||     2
       Punch             ||     1
Throw: Dart              ||     6
 Abil: Rolling Charge    ||     4
Armor: Leather armour    ||     5
Dodge: Dodged            ||     7

Levels and vault maps discovered:
D:1:      psy_arrival_wood_between_worlds, layout_loops_corners

Notes
Turn   | Place    | Note
-------+----------+-------------------------------------------
     0 | D:1      | MalarOregon the Palentonga Warper began the quest for the
                  | Orb.
     0 | D:1      | Reached XP level 1. HP: 17/17 MP: 3/3
   292 | D:1      | Slain by a gnoll

Vanquished Creatures
  A giant cockroach (D:1)
  A hobgoblin (D:1)
  A kobold (D:1)
  A quokka (D:1)
  A bat (D:1)
5 creatures vanquished.

Table legend:
 A = Non-vault XP
 B = Vault XP
 C = Vault XP percentage of total XP
 D = Non-vault monster count
 E = Vault monster count
 F = Vault count percentage of total count
                 A         B        C        D         E       F
            +---------+---------+-------+---------+---------+-------
      Total |       9 |       0 |   0.0 |       5 |       0 |   0.0
            +---------+---------+-------+---------+---------+-------
        D:1 |       9 |       0 |   0.0 |       5 |       0 |   0.0
            +---------+---------+-------+---------+---------+-------

Illustrated notes

Table legend:
 A = Kills in this place as a percentage of kills in entire the game.
 B = Kills by you in this place as a percentage of kills by you in the entire game.
 C = Kills by friends in this place as a percentage of kills by friends in the entire game.
 D = Other kills in this place as a percentage of other kills in the entire game.
 E = Experience gained in this place as a percentage of experience gained in the entire game.
 F = Experience gained in this place divided by the number of levels of this place that you have seen.
                   A       B       C       D       E      F
               +-------+-------+-------+-------+-------+----------------------
         Total | 100.0 | 100.0 |   N/A |   N/A | 100.0 |   9.0
       Dungeon | 100.0 | 100.0 |   N/A |   N/A | 100.0 |   9.0
               +-------+-------+-------+-------+-------+----------------------

Table legend: (Time is in decaauts)
 A = Elapsed time spent in this place.
 B = Non-inter-level travel time spent in this place.
 C = Inter-level travel time spent in this place.
 D = Time resting spent in this place.
 E = Time spent auto-exploring this place.
 F = Levels seen in this place.
 G = Mean time per level.
                   A        B        C        D        E       F      G
               +--------+--------+--------+--------+--------+-----+--------+
         Total |    295 |    287 |      8 |      0 |    200 |   1 |  295.0 |
       Dungeon |    295 |    287 |      8 |      0 |    200 |   1 |  295.0 |
               +--------+--------+--------+--------+--------+-----+--------+

Top non-repeatable levels by time:
     D:1: 295 daAuts
